 Dungeon Crawl Stone Soup version 0.17-a0-1020-ge683cc4 (console) character file.

212 Monkaria the Slasher (level 5, -4/41 HPs)
             Began as a Demonspawn Chaos Knight on May 14, 2015.
             Slain by Duvessa
             ... wielding a +2 short sword of speed
              (12 damage)
             ... on level 4 of the Dungeon.
             The game lasted 00:03:58 (3466 turns).

Monkaria the Slasher (Demonspawn Chaos Knight)      Turns: 3466, Time: 00:03:59

Health: -4/41      AC:  8    Str: 15      XL:     5   Next: 58%
Magic:  4/4        EV: 11    Int: 10 (12) God:    Xom [.*....]
Gold:   66         SH:  0    Dex: 10      Spells: 0 memorised, 4 levels left

rFire  . . .     SeeInvis .     a - +1 falchion (chaos)
rCold  + . .     Clarity  +     b - +2 leather armour
rNeg   . . .     SustAb   .     (no shield)
rPois  .         Gourm    .     (no helmet)
rElec  .         Spirit   .     (no cloak)
rCorr  .         Warding  .     (no gloves)
rMut   .         Stasis   .     k - +2 pair of boots {run}
MR     .....                    (no amulet)
Stlth  ++........               (no ring)
                                i - +2 ring of strength

@: quick, not resistant to hostile enchantments, unstealthy
A: claws 1, hooves 1, blink 2, clarity, clumsy 1, cold resistance 1, dopey 1,
low mp 1, nightstalker 1, freezing cloud immunity
a: Blink, Renounce Religion


You were on level 4 of the Dungeon.
You worshipped Xom.
You were a plaything of Xom.
You were not hungry.

You visited 1 branch of the dungeon, and saw 5 of its levels.

You collected 66 gold pieces.

Inventory:

Hand weapons
 a - a +1 falchion of chaos (weapon)
Armour
 b - a +2 leather armour (worn)
 k - a +2 pair of boots of running (worn)
Jewellery
 i - a +2 ring of strength (left claw)
Scrolls
 d - a scroll of remove curse
Potions
 g - a potion of brilliance
 j - 2 potions of curing
 l - a potion of berserk rage {unknown}
Books
 p - a book of Summonings

   Spells                             Type                      Level
   a - Recall                         Summoning/Translocation      3
   b - Aura of Abjuration             Summoning                    5
   c - Shadow Creatures               Summoning                    5
   d - Summon Demon                   Summoning                    5
   e - Summon Forest                  Summoning/Translocation      5
   f - Summon Mana Viper              Hexes/Summoning              5
Comestibles
 c - 4 bread rations
 f - a meat ration
 h - 2 chunks of flesh
 o - a royal jelly


   Skills:
 - Level 3.0 Fighting
 - Level 4.4 Long Blades
 - Level 1.7 Armour
 - Level 0.8 Dodging
 + Level 3.4 Unarmed Combat


You had 4 spell levels left.
You didn't know any spells.

Dungeon Overview and Level Annotations

Branches:
Dungeon (5/15)
 Temple: D:4-7

Altars:
Gozag
Nemelex Xobeh
Sif Muna
Yredelemnul

Annotations:
D:4 Duvessa, Edmund


Innate Abilities, Weirdness & Mutations

You have sharp fingernails.
Your flesh is cold resistant.
You are slightly more attuned to the shadows.
You are immune to freezing clouds.
You have large cloven feet.
You are good at translocating small distances at will.
You possess an exceptional clarity of mind.
You are clumsy. (Dex -2)
You are dopey. (Int -2)
Your magical capacity is low (-10% MP).


Message History

Duvessa barely misses you.
Things that are here:
a spear; a gnoll corpse You barely miss Duvessa.
Duvessa hits you with a short sword of speed.
Duvessa hits you but does no damage.
Some of the chunks of flesh in your inventory have rotted away.
You hit Duvessa.
Duvessa is lightly wounded.
Duvessa closely misses you.
You hit Duvessa but do no damage. Your claw misses Duvessa.
Duvessa is lightly wounded.
Duvessa hits you with a short sword of speed!
You hit Duvessa but do no damage.
There is a sudden explosion of sparks!
Duvessa is severely wounded.
Duvessa hits you with a short sword of speed.
* * * LOW HITPOINT WARNING * * *
Duvessa hits you with a short sword of speed!
You die...
Xom laughs nastily!

+... #[..# #...#######+
#.....(....? +...........
##+##+#...>.......
#....)............
.........e.........#+##
..........@.........g.#
.#+##+#...............#+#.
+..............!....
#...................
#...................
..#+######+ #....... ...#
+....... ... #.......
##+#....


You could see Duvessa.

Vanquished Creatures
  2 crimson imps (D:3)
  4 gnolls
  5 adders
  A worm (D:2)
  2 giant geckos
  An orc (D:3)
  15 bats
  5 giant cockroaches
  8 hobgoblins
  A hobgoblin (shapeshifter) (D:1)
  2 quokkas
  3 ball pythons
  A giant newt (D:1)
  7 goblins
  7 kobolds
  10 rats
74 creatures vanquished.

Vanquished Creatures (others)
  A bat (D:4)
1 creature vanquished.

Grand Total: 75 creatures vanquished

Notes
Turn   | Place    | Note
--------------------------------------------------------------
     0 | D:1      | Monkaria the Demonspawn Chaos Knight began the quest for the Orb.
     0 | D:1      | Reached XP level 1. HP: 18/18 MP: 1/1
    98 | D:1      | XOM: smoke on damage
   151 | D:1      | Gained mutation: Your flesh is cold resistant. [demonic ancestry]
   151 | D:1      | Reached XP level 2. HP: 22/24 MP: 2/2
   198 | D:1      | XOM: divination: magic mapping
   218 | D:1      | Identified a +2 pair of boots of running (You found it on level 1 of the Dungeon)
   295 | D:1      | XOM: summons 2 hostile shadow creatures
   326 | D:1      | Gained mutation: You are clumsy. (Dex -2) [mutagenic meat]
   328 | D:1      | Gained mutation: Your magical capacity is low (-10% MP). [mutagenic meat]
   329 | D:1      | Gained mutation: You are dopey. (Int -2) [mutagenic meat]
   583 | D:1      | XOM: give mutations
   583 | D:1      | Gained mutation: You can translocate small distances at will. [Xom's grace]
   583 | D:1      | Gained mutation: You are good at translocating small distances at will. [Xom's grace]
   583 | D:1      | Gained mutation: You possess an exceptional clarity of mind. [Xom's grace]
   583 | D:1      | Gained mutation: You have large cloven feet. [Xom's grace]
   765 | D:1      | XOM: mild Necr miscast
  1048 | D:1      | XOM: mild Air miscast
  1175 | D:2      | Gained mutation: You are slightly more attuned to the shadows. [demonic ancestry]
  1175 | D:2      | Reached XP level 3. HP: 15/29 MP: 2/2
  1203 | D:2      | XOM: summons 4 hostile shadow creatures
  1204 | D:2      | Reached skill level 4 in Long Blades
  1460 | D:2      | XOM: summons 5 hostile shadow creatures
  1534 | D:2      | Found a deep blue altar of Sif Muna.
  1536 | D:2      | Found a basalt altar of Yredelemnul.
  1617 | D:2      | XOM: silly message
  1663 | D:2      | XOM: noise
  1858 | D:2      | Gained mutation: You have sharp fingernails. [demonic ancestry]
  1858 | D:2      | Reached XP level 4. HP: 35/35 MP: 3/3
  2268 | D:3      | XOM: potion effect (heal wounds)
  2324 | D:3      | Gained mutation: You are immune to freezing clouds. [demonic ancestry]
  2324 | D:3      | Reached XP level 5. HP: 10/41 MP: 4/4
  2622 | D:3      | Found a sparkling altar of Nemelex Xobeh.
  2622 | D:3      | Found an opulent altar of Gozag.
  2861 | D:3      | XOM: colour smoke trail
  3063 | D:3      | XOM: harmless Tloc miscast
  3184 | D:4      | Noticed Edmund
  3187 | D:4      | XOM: mild Air miscast
  3211 | D:4      | XOM: 7-stop teleportation journey
  3223 | D:5      | Entered Level 5 of the Dungeon
  3352 | D:5      | XOM: colour smoke trail
  3457 | D:4      | Noticed Duvessa
  3466 | D:4      | Slain by Duvessa

Vault maps used:
D:1:      moated_graveyard_arrival
D:2:      nicolae_overflow_hidden_temple, minitemple
D:3:      grunt_temple_overflow_opulence, first_bread, kennysheep_generic_room_2
D:4:      old_forge, lemuel_doored_altar, minmay_temple_entry_hall,
          uniq_duvessa, uniq_edmund
D:5:      uniq_menkaure

Action                   |  1- 3 |  4- 6 || total
-------------------------+-------+-------++-------
Melee: Falchion          |   141 |   118 ||   259
  Use: Potion            |       |     6 ||     6
       Scroll            |       |     3 ||     3
 Stab: Paralysed         |     1 |       ||     1
       Sleeping          |     1 |     2 ||     3
  Eat: Chunk             |     6 |     6 ||    12
